[Event "Biel Main Tournament 2019"]
[Site "Biel"]
[Date "2019.07.22"]
[Round "1.1"]
[White "Novalic, Miralem"]
[Black "Dharani Srinivas Korapati Babu"]
[Result "1-0"]
[ECO "D02"]
[WhiteElo "2010"]
[BlackElo "1690"]
[Annotator "NA"]
[PlyCount "77"]
[EventDate "2019.07.20"]
[EventType "swiss"]
[EventCountry "SUI"]
[SourceTitle "playchess.com"]
[Source "ChessBase"]
[SourceQuality "1"]
[TimeControl "40/5400+30:1800+30"]

1. d4 Nf6 2. Bf4 g6 3. Nf3 Bg7 4. Nbd2 d5 5. h3 O-O 6. e3 Nbd7 7. Bd3 c5 8. c4 cxd4 9. exd4 dxc4 10. Nxc4 Nd5 11. Bd2 b6 12. O-O Bb7 13. Rc1 Re8 14. Re1 Rc8 15. Qe2 e5 16. Nd6 Rxc1 17. Bxc1 Re6 18. Nxb7 Qc7 19. Ba6 exd4 20. Qc4 b5 21. Qxd5 Rxe1+ 22. Nxe1 Qxc1 23. Kf1 Nb6 24. Qd8+ Bf8 25. Qxd4 Nc4 26. Bxb5 Bb4 27. Qd8+ Kg7 28. Qe8 Bd2 29. Bxc4 Qxc4+ 30. Qe2 Qc1 31. Nd6 Bxe1 32. Qxe1 Qxb2 33. g4 Qxa2 34. Qe5+ Kg8 35. Ne8 Kf8 36. Nf6 Qb1+ 37. Kg2 h5 38. Qe8+ Kg7 39. g5 1-0

[Event "Biel Main Tournament 2019"]
[Site "Biel"]
[Date "2019.07.22"]
[Round "1.2"]
[White "Lehmann, Daniel"]
[Black "Schneuwly, Achim"]
[Result "0-1"]
[ECO "A43"]
[WhiteElo "1685"]
[BlackElo "1984"]
[Annotator "NA"]
[PlyCount "72"]
[EventDate "2019.07.20"]
[EventType "swiss"]
[EventCountry "SUI"]
[SourceTitle "playchess.com"]
[Source "ChessBase"]
[SourceQuality "1"]
[TimeControl "40/5400+30:1800+30"]

1. d4 c5 2. d5 e6 3. c4 exd5 4. cxd5 d6 5. Nc3 Ne7 6. e4 Ng6 7. f4 Be7 8. Nf3 Bf6 9. Bd3 O-O 10. O-O Re8 11. Bd2 a6 12. a4 b6 13. Qc2 Nd7 14. Rae1 Rb8 15. b3 Qc7 16. Kh1 c4 17. bxc4 Nc5 18. e5 dxe5 19. Bxg6 hxg6 20. fxe5 Bf5 21. Qa2 Bd8 22. Nd4 Bd3 23. Rf3 Rc8 24. Ree3 Bg5 25. Rxd3 Qxe5 26. Nde2 Nxd3 27. Bxg5 Qxc3 28. Bh4 Qxc4 29. Qd2 Qxh4 30. Rxd3 Qe4 31. Ng1 Rcd8 32. d6 Qe1 33. Qa2 Qe6 34. Qd2 Rd7 35. Nf3 Red8 36. Ng5 Qf6 0-1

[Event "Biel Main Tournament 2019"]
[Site "Biel"]
[Date "2019.07.22"]
[Round "1.3"]
[White "Esper, Christian"]
[Black "Rohde, Bernhard"]
[Result "1/2-1/2"]
[ECO "C07"]
[WhiteElo "1979"]
[BlackElo "1681"]
[Annotator "NA"]
[PlyCount "75"]
[EventDate "2019.07.20"]
[EventType "swiss"]
[EventCountry "SUI"]
[SourceTitle "playchess.com"]
[Source "ChessBase"]
[SourceQuality "1"]
[TimeControl "40/5400+30:1800+30"]

1. e4 e6 2. d4 d5 3. Nd2 c5 4. c3 Nc6 5. Ngf3 Qb6 6. exd5 exd5 7. Nb3 c4 8. Nbd2 Nf6 9. b3 cxb3 10. Qxb3 Qxb3 11. axb3 Bd6 12. Bd3 h6 13. O-O O-O 14. Re1 Be6 15. Ne5 Nd7 16. f4 Ndxe5 17. fxe5 Be7 18. Nf3 Rfc8 19. Bd2 a6 20. Ra2 Bd8 21. b4 Na7 22. Rc1 Bb6 23. Kf1 Rc6 24. b5 axb5 25. Bxb5 Rcc8 26. Rca1 g5 27. Ne1 f5 28. Nd3 f4 29. Ra3 Bg4 30. h3 Bf5 31. Nb4 Be6 32. Be2 Kf8 33. Bf3 Rd8 34. Nd3 Rdc8 35. Nc5 Rxc5 36. dxc5 Bxc5 37. Ra5 Be3 38. Bxe3 1/2-1/2

[Event "Biel Main Tournament 2019"]
[Site "Biel"]
[Date "2019.07.22"]
[Round "1.4"]
[White "Roth, Daniel"]
[Black "Sudan, Georges"]
[Result "0-1"]
[ECO "C02"]
[WhiteElo "1879"]
[BlackElo "1978"]
[Annotator "NA"]
[PlyCount "52"]
[EventDate "2019.07.20"]
[EventType "swiss"]
[EventCountry "SUI"]
[SourceTitle "playchess.com"]
[Source "ChessBase"]
[SourceQuality "1"]
[TimeControl "40/5400+30:1800+30"]

1. e4 e6 2. d4 d5 3. e5 c5 4. Nf3 Nc6 5. c3 Qb6 6. Be2 Bd7 7. O-O cxd4 8. cxd4 Nge7 9. Nc3 Nf5 10. Na4 Qd8 11. Bg5 Be7 12. Bxe7 Qxe7 13. Rc1 Rc8 14. Bb5 b6 15. Rc2 O-O 16. Qd2 Nxe5 17. Bxd7 Nxf3+ 18. gxf3 Qxd7 19. Nc3 Qe7 20. Rfc1 Rc4 21. Ne2 Rfc8 22. Kh1 Qh4 23. Nf4 g6 24. Rxc4 dxc4 25. d5 e5 26. Ng2 Qd4 0-1

[Event "Biel Main Tournament 2019"]
[Site "Biel"]
[Date "2019.07.22"]
[Round "1.5"]
[White "Deubelbeiss, Rene"]
[Black "Loeffler, Helmut"]
[Result "1/2-1/2"]
[ECO "A13"]
[WhiteElo "1972"]
[BlackElo "1668"]
[Annotator "NA"]
[PlyCount "48"]
[EventDate "2019.07.20"]
[EventType "swiss"]
[EventCountry "SUI"]
[SourceTitle "playchess.com"]
[Source "ChessBase"]
[SourceQuality "1"]
[TimeControl "40/5400+30:1800+30"]

1. c4 e6 2. g3 Nf6 3. Bg2 Be7 4. Nf3 Nc6 5. O-O O-O 6. b3 d5 7. Bb2 d4 8. d3 e5 9. a3 a5 10. h3 Re8 11. Kh2 h6 12. Nbd2 Bf5 13. Ne1 Qd7 14. Ne4 Nxe4 15. dxe4 Bg6 16. Qd2 Rad8 17. Nd3 b6 18. b4 axb4 19. axb4 Qe6 20. Rac1 Rf8 21. f4 exf4 22. Nxf4 Qe5 23. Nxg6 fxg6 24. c5 bxc5 1/2-1/2

[Event "Biel Main Tournament 2019"]
[Site "Biel"]
[Date "2019.07.22"]
[Round "1.6"]
[White "Trachsel, Peter"]
[Black "Meinecke, Florian"]
[Result "1/2-1/2"]
[ECO "A13"]
[WhiteElo "1683"]
[BlackElo "1968"]
[Annotator "NA"]
[PlyCount "77"]
[EventDate "2019.07.20"]
[EventType "swiss"]
[EventCountry "SUI"]
[SourceTitle "playchess.com"]
[Source "ChessBase"]
[SourceQuality "1"]
[TimeControl "40/5400+30:1800+30"]

1. c4 e6 2. Nc3 e5 3. Nf3 Nc6 4. e3 Bc5 5. Be2 d6 6. d3 Bf5 7. b3 a6 8. Bb2 Nf6 9. a3 Ba7 10. O-O O-O 11. h3 Bg4 12. Nh4 Bxe2 13. Qxe2 Qd7 14. Nf3 Rfe8 15. Rad1 Rad8 16. Nd2 Ne7 17. Nde4 Nxe4 18. dxe4 Rf8 19. Bc1 Qe6 20. Nd5 c6 21. Nxe7+ Qxe7 22. Rd3 Qh4 23. Qg4 Qxg4 24. hxg4 Rd7 25. Rfd1 Rfd8 26. Kf1 f6 27. Ke2 Kf7 28. a4 Bc5 29. Bd2 Ke6 30. Ba5 b6 31. Bc3 d5 32. cxd5+ cxd5 33. exd5+ Rxd5 34. b4 Rxd3 35. Rxd3 Be7 36. Rxd8 Bxd8 37. Kd3 b5 38. axb5 axb5 39. e4 1/2-1/2

[Event "Biel Main Tournament 2019"]
[Site "Biel"]
[Date "2019.07.22"]
[Round "1.7"]
[White "Brauchli, Joerg"]
[Black "Del Val, Moise"]
[Result "1-0"]
[ECO "D05"]
[WhiteElo "1965"]
[BlackElo "1661"]
[Annotator "NA"]
[PlyCount "137"]
[EventDate "2019.07.20"]
[EventType "swiss"]
[EventCountry "SUI"]
[SourceTitle "playchess.com"]
[Source "ChessBase"]
[SourceQuality "1"]
[TimeControl "40/5400+30:1800+30"]

1. d4 Nf6 2. Nf3 e6 3. e3 d5 4. Bd3 c5 5. b3 Nc6 6. a3 Be7 7. Nbd2 O-O 8. O-O h6 9. Bb2 cxd4 10. exd4 a6 11. Ne5 Bd7 12. f4 Qb6 13. Ndf3 Rad8 14. Qe2 Bc8 15. Kh1 Bd6 16. Rad1 Qa5 17. g4 Bxe5 18. Nxe5 Ne4 19. Nxc6 bxc6 20. Bxe4 dxe4 21. Qxe4 Qd5 22. Qg2 Qxg2+ 23. Kxg2 f5 24. h3 Rf7 25. Kg3 g5 26. Rde1 fxg4 27. hxg4 gxf4+ 28. Rxf4 Rxf4 29. Kxf4 Kf7 30. c4 Kg6 31. Kg3 h5 32. Re5 hxg4 33. Kxg4 Kf7 34. Kf4 Ke7 35. Rh5 Rf8+ 36. Ke3 Rg8 37. Rh7+ Kd8 38. Kf4 Bd7 39. Bc3 Kc7 40. Ba5+ Kc8 41. Bb6 Kb7 42. Rxd7+ Kxb6 43. Rd6 Rf8+ 44. Ke4 Rf1 45. Rxe6 Re1+ 46. Kf5 Rf1+ 47. Kg4 Kc7 48. d5 cxd5 49. cxd5 Rd1 50. Rxa6 Rxd5 51. Kf4 Rd1 52. Ke4 Kb7 53. Ra5 Kb6 54. Rd5 Rh1 55. a4 Rh4+ 56. Kd3 Ka6 57. Kc3 Rg4 58. b4 Rh4 59. Rd6+ Kb7 60. a5 Rg4 61. b5 Rh4 62. Rd4 Rh1 63. Rd7+ Kb8 64. Kb4 Rc1 65. a6 Rc2 66. Ka5 Rh2 67. Rb7+ Ka8 68. Rc7 Rh1 69. Rc8+ 1-0

[Event "Biel Main Tournament 2019"]
[Site "Biel"]
[Date "2019.07.22"]
[Round "1.8"]
[White "Suwendo, Poedjo"]
[Black "Svensson, Erik"]
[Result "1/2-1/2"]
[ECO "C58"]
[WhiteElo "1659"]
[BlackElo "1963"]
[Annotator "NA"]
[PlyCount "82"]
[EventDate "2019.07.20"]
[EventType "swiss"]
[EventCountry "SUI"]
[SourceTitle "playchess.com"]
[Source "ChessBase"]
[SourceQuality "1"]
[TimeControl "40/5400+30:1800+30"]

1. e4 e5 2. Nf3 Nc6 3. Bc4 Nf6 4. Ng5 d5 5. exd5 Na5 6. Bb5+ Bd7 7. Qe2 Be7 8. Bxd7+ Qxd7 9. b4 Bxb4 10. Qxe5+ Qe7 11. Qxe7+ Bxe7 12. Nc3 Rd8 13. Nge4 Nxd5 14. Nxd5 Rxd5 15. O-O Nc4 16. Re1 Kd8 17. Rb1 b6 18. Rb3 a5 19. Rg3 g6 20. d3 Nd6 21. Nxd6 Bxd6 22. Bg5+ Kd7 23. f4 Rf5 24. Rf3 h5 25. Bh4 Bxf4 26. Ref1 Be5 27. Rxf5 gxf5 28. Rxf5 Ke6 29. Rf1 Rg8 30. Re1 Kd5 31. Bf2 Rg4 32. c4+ Kd6 33. c5+ bxc5 34. Bxc5+ Kd5 35. h3 Ra4 36. a3 Bc3 37. Rc1 Bb2 38. Rc2 Bxa3 39. Bxa3 Rxa3 40. Rxc7 Rxd3 41. Ra7 Ke6 1/2-1/2

[Event "Biel Main Tournament 2019"]
[Site "Biel"]
[Date "2019.07.22"]
[Round "1.10"]
[White "Tuor, Gallus"]
[Black "Gerber, Renaud"]
[Result "0-1"]
[ECO "B06"]
[WhiteElo "1648"]
[BlackElo "1952"]
[Annotator "NA"]
[PlyCount "77"]
[EventDate "2019.07.20"]
[EventType "swiss"]
[EventCountry "SUI"]
[SourceTitle "playchess.com"]
[Source "ChessBase"]
[SourceQuality "1"]
[TimeControl "40/5400+30:1800+30"]

1. e4 g6 2. d4 Bg7 3. Nf3 d6 4. Bc4 e6 5. Nc3 Ne7 6. O-O O-O 7. Be3 c6 8. Qd2 d5 9. Bd3 dxe4 10. Bxe4 Nf5 11. Bxf5 exf5 12. Bh6 Be6 13. Bxg7 Kxg7 14. Rad1 Nd7 15. d5 cxd5 16. Nxd5 Nf6 17. c4 Bxd5 18. cxd5 Qd6 19. Qc3 Rac8 20. Qe5 Rfd8 21. Rfe1 Rc5 22. h3 Rxd5 23. Qxd6 R8xd6 24. Rc1 Ne4 25. Kf1 Nd2+ 26. Nxd2 Rxd2 27. Re2 Rd1+ 28. Rxd1 Rxd1+ 29. Re1 Rxe1+ 30. Kxe1 Kf6 31. f4 Ke6 32. Ke2 Kd5 33. Kd3 f6 34. h4 h6 35. g3 b5 36. b4 a6 37. a3 g5 38. h5 g4 39. Kc3 0-1

[Event "Biel Main Tournament 2019"]
[Site "Biel"]
[Date "2019.07.24"]
[Round "2.1"]
[White "Schneuwly, Achim"]
[Black "Gigon, Claude"]
[Result "1-0"]
[ECO "B01"]
[WhiteElo "1984"]
[BlackElo "1797"]
[Annotator "NA"]
[PlyCount "62"]
[EventDate "2019.07.20"]
[EventType "swiss"]
[EventCountry "SUI"]
[TimeControl "40/5400+30:1800+30"]

1. e4 d5 2. exd5 Qxd5 3. Nc3 Qa5 4. d4 Nf6 5. Bc4 Bf5 6. Nf3 e6 7. O-O c6 8. Re1 Be7 9. Ne5 O-O 10. g4 Bg6 11. h4 b5 12. Bf1 b4 13. Nb1 Be4 14. g5 Bd5 15. gxf6 Bxf6 16. Bg5 Bxe5 17. dxe5 c5 18. c4 bxc3 19. Nxc3 Nc6 20. Nxd5 exd5 21. Qxd5 Nd4 22. Bd3 Ne6 23. Qe4 g6 24. Bf6 Rac8 25. h5 Qd2 26. hxg6 fxg6 27. Bc4 Rce8 28. Red1 Qh6 29. Rd6 Rxf6 30. exf6 Qg5+ 31. Kf1 Qf5 1-0

[Event "Biel Main Tournament 2019"]
[Site "Biel"]
[Date "2019.07.24"]
[Round "2.3"]
[White "Sudan, Georges"]
[Black "Stoffregen, Guenter"]
[Result "1-0"]
[ECO "B23"]
[WhiteElo "1978"]
[BlackElo "1778"]
[Annotator "NA"]
[PlyCount "43"]
[EventDate "2019.07.20"]
[EventType "swiss"]
[EventCountry "SUI"]
[TimeControl "40/5400+30:1800+30"]

1. e4 c5 2. Nc3 d6 3. f4 Nc6 4. Nf3 a6 5. Bc4 e6 6. a4 g6 7. O-O Bg7 8. d3 Nf6 9. Qe1 Qc7 10. f5 O-O 11. Qh4 exf5 12. Bg5 fxe4 13. dxe4 Ng4 14. Nd5 Qa5 15. h3 Nge5 16. Nf6+ Bxf6 17. Bxf6 Nxf3+ 18. Rxf3 h5 19. Qg5 Kh7 20. Rg3 Ne5 21. Bxe5 dxe5 22. Bxf7 1-0

[Event "Biel Main Tournament 2019"]
[Site "Biel"]
[Date "2019.07.24"]
[Round "2.6"]
[White "Gerber, Renaud"]
[Black "Knoepfle, Andreas"]
[Result "1-0"]
[ECO "B25"]
[WhiteElo "1952"]
[BlackElo "1770"]
[Annotator "NA RC"]
[PlyCount "34"]
[EventDate "2019.07.20"]
[EventType "swiss"]
[EventCountry "SUI"]
[TimeControl "40/5400+30:1800+30"]

1. e4 c5 2. Nc3 Nc6 3. g3 g6 4. Bg2 Bg7 5. Nge2 e6 6. O-O d6 7. d3 a6 8. Be3 Qc7 9. Qd2 b5 10. Nd1 Bb7 11. c3 Ne5 12. h3 Ne7 13. f4 N5c6 14. Nf2 O-O 15. g4 f5 16. Ng3 Rf7 17. a3 Bh8 1-0

[Event "Biel Main Tournament 2019"]
[Site "Biel"]
[Date "2019.07.24"]
[Round "2.7"]
[White "Jorns, Benedikt"]
[Black "Brait, Wolfgang"]
[Result "0-1"]
[ECO "B13"]
[WhiteElo "1747"]
[BlackElo "1923"]
[Annotator "NA RC"]
[PlyCount "137"]
[EventDate "2019.07.20"]
[EventType "swiss"]
[EventCountry "SUI"]
[TimeControl "40/5400+30:1800+30"]

1. e4 c6 2. Nf3 d5 3. exd5 cxd5 4. d4 Nf6 5. Be2 Bg4 6. O-O e6 7. h3 Bxf3 8. Bxf3 Qb6 9. c3 Bd6 10. Qc2 O-O 11. Bg5 Nbd7 12. Re1 Rac8 13. Re2 Qc7 14. Nd2 h6 15. Be3 Rfe8 16. Rae1 b5 17. Qb1 Nb6 18. Rc1 a5 19. Ree1 Nc4 20. Nxc4 bxc4 21. g4 Qc6 22. Qc2 Ne4 23. Bxe4 dxe4 24. Qd2 f5 25. Bf4 Be7 26. Qe2 Bf6 27. Rb1 Qd5 28. Rf1 g5 29. Bd2 Rb8 30. f3 exf3 31. Qxf3 f4 32. Qxd5 exd5 33. Rfe1 a4 34. Rxe8+ Rxe8 35. Re1 Re4 36. Kf2 Kf7 37. Re2 Be7 38. Kf3 Rxe2 39. Kxe2 a3 40. Bc1 axb2 41. Bxb2 Ke6 42. Kf3 Kd7 43. h4 Kc6 44. hxg5 hxg5 45. Bc1 Bd6 46. Ke2 Kb5 47. Kf2 Ka4 48. Kf3 Bc7 49. Kf2 Bb8 50. Ke2 Bd6 51. Kf3 Ba3 52. Bxf4 gxf4 53. g5 Bf8 54. Kxf4 Ka3 55. Ke5 Kxa2 56. Kf6 Kb3 57. Kf7 Bg7 58. Kxg7 Kxc3 59. Kf7 Kxd4 60. g6 c3 61. g7 c2 62. g8=Q c1=Q 63. Qg4+ Kd3 64. Qf5+ Kd4 65. Qg4+ Kc3 66. Qf3+ Kc4 67. Qe2+ Kb4 68. Qg4+ Qc4 69. Qf5 0-1

[Event "Biel Main Tournament 2019"]
[Site "Biel"]
[Date "2019.07.24"]
[Round "2.8"]
[White "Lesniak, Julien"]
[Black "Marty, Fridolin"]
[Result "0-1"]
[ECO "B47"]
[WhiteElo "1743"]
[BlackElo "1921"]
[Annotator "NA RC"]
[PlyCount "49"]
[EventDate "2019.07.20"]
[EventType "swiss"]
[EventCountry "SUI"]
[TimeControl "40/5400+30:1800+30"]

1. e4 c5 2. Nf3 e6 3. d4 cxd4 4. Nxd4 Nc6 5. Nc3 Qc7 6. Nxc6 bxc6 7. Bd3 Nf6 8. O-O Be7 9. Be3 d6 10. Qe2 e5 11. f3 O-O 12. Bc4 Be6 13. Bxe6 fxe6 14. Qc4 d5 15. exd5 exd5 16. Qd3 d4 17. Qc4+ Kh8 18. Nb5 Qb6 19. Nxd4 exd4 20. Bxd4 Qb5 21. Qxb5 cxb5 22. Rfe1 Rfe8 23. Re6 Bb4 24. Ra6 Re7 25. c3 0-1

[Event "Biel Main Tournament 2019"]
[Site "Biel"]
[Date "2019.07.24"]
[Round "3.1"]
[White "Fondain, Georges"]
[Black "Schneuwly, Achim"]
[Result "0-1"]
[ECO "B23"]
[WhiteElo "1839"]
[BlackElo "1984"]
[Annotator "NA"]
[PlyCount "41"]
[EventDate "2019.07.20"]
[EventType "swiss"]
[EventCountry "SUI"]
[SourceTitle "playchess.com"]
[Source "ChessBase"]
[SourceQuality "1"]
[TimeControl "40/5400+30:1800+30"]

1. e4 c5 2. Nc3 e6 3. f4 Nc6 4. Nf3 a6 5. d3 b5 6. g3 b4 7. Ne2 Be7 8. Bg2 Nf6 9. O-O d5 10. e5 Nd7 11. c4 bxc3 12. bxc3 Rb8 13. Be3 O-O 14. Qc2 f6 15. d4 Qa5 16. f5 cxd4 17. fxe6 Rd8 18. Kh1 g6 19. h4 Kg7 20. Bh3 f5 21. Kh2 0-1

[Event "Biel Main Tournament 2019"]
[Site "Biel"]
[Date "2019.07.24"]
[Round "3.2"]
[White "Esper, Christian"]
[Black "Altok, Mesut"]
[Result "0-1"]
[ECO "B18"]
[WhiteElo "1979"]
[BlackElo "1825"]
[Annotator "NA"]
[PlyCount "34"]
[EventDate "2019.07.20"]
[EventType "swiss"]
[EventCountry "SUI"]
[SourceTitle "playchess.com"]
[Source "ChessBase"]
[SourceQuality "1"]
[TimeControl "40/5400+30:1800+30"]

1. e4 c6 2. d4 d5 3. Nc3 dxe4 4. Nxe4 Bf5 5. Ng3 Bg6 6. h4 h5 7. Nf3 Nd7 8. Bd3 Bxd3 9. Qxd3 e6 10. Bg5 Qa5+ 11. c3 Ngf6 12. O-O Bd6 13. Ne4 Nxe4 14. Qxe4 Nf6 15. Qe2 Ng4 16. Rfe1 Bc5 17. Rf1 Bb6 0-1

[Event "Biel Main Tournament 2019"]
[Site "Biel"]
[Date "2019.07.24"]
[Round "3.4"]
[White "Prieb, Robert"]
[Black "Gerber, Renaud"]
[Result "1-0"]
[ECO "A42"]
[WhiteElo "1824"]
[BlackElo "1952"]
[Annotator "NA"]
[PlyCount "29"]
[EventDate "2019.07.20"]
[EventType "swiss"]
[EventCountry "SUI"]
[SourceTitle "playchess.com"]
[Source "ChessBase"]
[SourceQuality "1"]
[TimeControl "40/5400+30:1800+30"]

1. d4 g6 2. e4 Bg7 3. Nf3 d6 4. c4 Nc6 5. Be2 e5 6. d5 Nce7 7. Nc3 f5 8. Ng5 Nf6 9. f3 f4 10. Qa4+ Bd7 11. Ne6 Bxa4 12. Nxd8 Rxd8 13. Nxa4 O-O 14. Nc3 c6 15. b4 1-0

[Event "Biel Main Tournament 2019"]
[Site "Biel"]
[Date "2019.07.24"]
[Round "3.5"]
[White "Haag, Rolf"]
[Black "Jud, Marc"]
[Result "1/2-1/2"]
[ECO "D05"]
[WhiteElo "1821"]
[BlackElo "1940"]
[Annotator "NA"]
[PlyCount "32"]
[EventDate "2019.07.20"]
[EventType "swiss"]
[EventCountry "SUI"]
[SourceTitle "playchess.com"]
[Source "ChessBase"]
[SourceQuality "1"]
[TimeControl "40/5400+30:1800+30"]

1. d4 Nf6 2. Nf3 d5 3. e3 e6 4. Bd3 c5 5. b3 cxd4 6. exd4 Bb4+ 7. Bd2 Bxd2+ 8. Nbxd2 Nc6 9. O-O O-O 10. c3 Bd7 11. Ne5 Rc8 12. Rc1 Be8 13. f4 g6 14. Qf3 Nd7 15. Qh3 f5 16. Ndf3 Kh8 1/2-1/2

[Event "Biel Main Tournament 2019"]
[Site "Biel"]
[Date "2019.07.24"]
[Round "3.6"]
[White "Brait, Wolfgang"]
[Black "Ehle, Eric"]
[Result "1-0"]
[ECO "A50"]
[WhiteElo "1923"]
[BlackElo "1800"]
[Annotator "NA"]
[PlyCount "22"]
[EventDate "2019.07.20"]
[EventType "swiss"]
[EventCountry "SUI"]
[SourceTitle "playchess.com"]
[Source "ChessBase"]
[SourceQuality "1"]
[TimeControl "40/5400+30:1800+30"]

1. e4 b6 2. d4 e6 3. c4 Bb7 4. Nc3 Bb4 5. Bd3 Nf6 6. f3 O-O 7. Nge2 d5 8. O-O dxc4 9. Bxc4 Nbd7 10. e5 Nd5 11. Kh1 Kh8 1-0

[Event "Biel Main Tournament 2019"]
[Site "Biel"]
[Date "2019.07.24"]
[Round "3.7"]
[White "Marty, Fridolin"]
[Black "Jenny, Philipp"]
[Result "1/2-1/2"]
[ECO "D10"]
[WhiteElo "1921"]
[BlackElo "1752"]
[Annotator "NA"]
[PlyCount "35"]
[EventDate "2019.07.20"]
[EventType "swiss"]
[EventCountry "SUI"]
[SourceTitle "playchess.com"]
[Source "ChessBase"]
[SourceQuality "1"]
[TimeControl "40/5400+30:1800+30"]

1. d4 d5 2. c4 c6 3. cxd5 cxd5 4. Bg5 Nf6 5. Bxf6 exf6 6. e3 Nc6 7. Nc3 Bb4 8. Bd3 O-O 9. Rc1 Re8 10. Bb1 Ne7 11. Qf3 a6 12. Nge2 Be6 13. O-O Qd7 14. h3 Rac8 15. Ng3 Ng6 16. Qh5 Nf8 17. Qd1 h6 18. a3 1/2-1/2

[Event "Biel Main Tournament 2019"]
[Site "Biel"]
[Date "2019.07.24"]
[Round "3.8"]
[White "Jaggy, Matteo"]
[Black "Lada, Ireneusz"]
[Result "1/2-1/2"]
[ECO "A41"]
[WhiteElo "1819"]
[BlackElo "1914"]
[Annotator "NA"]
[PlyCount "44"]
[EventDate "2019.07.20"]
[EventType "swiss"]
[EventCountry "SUI"]
[SourceTitle "playchess.com"]
[Source "ChessBase"]
[SourceQuality "1"]
[TimeControl "40/5400+30:1800+30"]

1. d4 d6 2. c4 e5 3. d5 f5 4. Nf3 Nf6 5. Nc3 g6 6. Qc2 Bg7 7. Bg5 h6 8. Bxf6 Qxf6 9. e4 Na6 10. a3 Nc5 11. Nd2 a5 12. b3 O-O 13. f3 Bd7 14. Be2 h5 15. O-O-O Bh6 16. Kb2 Bxd2 17. Qxd2 a4 18. b4 Nb3 19. Qe3 Nd4 20. Bd3 c5 21. b5 Kh7 22. Rhg1 h4 1/2-1/2

[Event "Biel Main Tournament 2019"]
[Site "Biel"]
[Date "2019.07.26"]
[Round "5.1"]
[White "Altok, Mesut"]
[Black "Schneuwly, Achim"]
[Result "0-1"]
[ECO "B40"]
[WhiteElo "1825"]
[BlackElo "1984"]
[Annotator "NA"]
[PlyCount "78"]
[EventDate "2019.07.20"]
[EventType "swiss"]
[EventCountry "SUI"]
[SourceTitle "playchess.com"]
[Source "ChessBase"]
[SourceQuality "1"]
[TimeControl "40/5400+30:1800+30"]

1. e4 c5 2. Nf3 e6 3. Bd3 Nc6 4. c3 Nf6 5. O-O d5 6. exd5 Nxd5 7. Bb5 Bd7 8. d4 cxd4 9. cxd4 Be7 10. a3 Ne5 11. Bxd7+ Nxd7 12. Qd3 Rc8 13. Nbd2 Qc7 14. Ne4 Qc2 15. Rd1 h6 16. Nc5 Qxd3 17. Nxd3 O-O 18. Bd2 Rc2 19. Rac1 Rfc8 20. Rxc2 Rxc2 21. Rc1 Rxc1+ 22. Bxc1 Kf8 23. Kf1 Bd6 24. h4 Ke7 25. Nfe5 Bxe5 26. dxe5 Kd8 27. g4 Ne7 28. h5 Kc7 29. Ke2 Nc6 30. f4 Nd4+ 31. Kf2 Kc6 32. Be3 Kd5 33. b4 a6 34. Nc5 Nxc5 35. bxc5 Nc2 36. Kf3 Nxe3 37. Kxe3 Kxc5 38. g5 Kd5 39. f5 exf5 0-1

[Event "Biel Main Tournament 2019"]
[Site "Biel"]
[Date "2019.07.26"]
[Round "5.2"]
[White "Meyer, Prosper"]
[Black "Sudan, Georges"]
[Result "1-0"]
[ECO "D01"]
[WhiteElo "1916"]
[BlackElo "1978"]
[Annotator "NA"]
[PlyCount "51"]
[EventDate "2019.07.20"]
[EventType "swiss"]
[EventCountry "SUI"]
[SourceTitle "playchess.com"]
[Source "ChessBase"]
[SourceQuality "1"]
[TimeControl "40/5400+30:1800+30"]

1. d4 Nf6 2. Nc3 d5 3. Bg5 Bf5 4. f3 h6 5. Bh4 Nbd7 6. Nxd5 Nxd5 7. e4 g5 8. Bf2 Bg7 9. exf5 c6 10. Qd2 b5 11. Ne2 Qb6 12. Nc3 N7f6 13. Ne4 Rd8 14. O-O-O a5 15. h4 g4 16. Nxf6+ Nxf6 17. d5 Qc7 18. Qc3 O-O 19. Bxb5 Nxd5 20. Qxc6 Qf4+ 21. Kb1 Nb4 22. Qe4 Qb8 23. a4 g3 24. Bd4 Qc7 25. Bxg7 Kxg7 26. c3 1-0

[Event "Biel Main Tournament 2019"]
[Site "Biel"]
[Date "2019.07.26"]
[Round "5.3"]
[White "Pao, Lucas Ping"]
[Black "Kalbermatter, Philipp"]
[Result "1/2-1/2"]
[ECO "A00"]
[WhiteElo "1969"]
[BlackElo "1869"]
[Annotator "NA"]
[PlyCount "113"]
[EventDate "2019.07.20"]
[EventType "swiss"]
[EventCountry "SUI"]
[SourceTitle "playchess.com"]
[Source "ChessBase"]
[SourceQuality "1"]
[TimeControl "40/5400+30:1800+30"]

1. e4 d5 2. Nc3 dxe4 3. Nxe4 Qd5 4. Ng3 Nf6 5. d4 Nc6 6. Nf3 Bg4 7. Be2 O-O-O 8. c3 e5 9. dxe5 Qxd1+ 10. Bxd1 Bxf3 11. Bxf3 Nxe5 12. Be2 Nd3+ 13. Bxd3 Rxd3 14. Be3 Rd7 15. Bd4 Bd6 16. O-O-O Bxg3 17. hxg3 Rd6 18. Rde1 Kd7 19. Re2 Re8 20. Rd2 Ree6 21. f3 h6 22. Rhd1 b6 23. b4 Kc8 24. Kb2 Kb7 25. Kb3 a6 26. c4 Kc8 27. a3 Kb7 28. a4 Rd7 29. c5 bxc5 30. Bxc5 Rxd2 31. Rxd2 Kc6 32. Bf8 Ne8 33. Kc4 Nd6+ 34. Bxd6 cxd6 35. b5+ axb5+ 36. axb5+ Kb6 37. Ra2 h5 38. Ra6+ Kb7 39. Rc6 Rg6 40. Kd5 Rxg3 41. Rxd6 Rxg2 42. Rd7+ Kb6 43. Rxf7 h4 44. Rf8 Rg5+ 45. Ke4 Rh5 46. Rb8+ Kc7 47. Ra8 h3 48. Ra1 Rxb5 49. Ra7+ Rb7 50. Ra2 Rb4+ 51. Kf5 Rh4 52. Rh2 Kd6 53. Kg5 Rh6 54. Kg4 Ke5 55. Kg3 Kf5 56. Rxh3 Rxh3+ 57. Kxh3 1/2-1/2

[Event "Biel Main Tournament 2019"]
[Site "Biel"]
[Date "2019.07.26"]
[Round "5.4"]
[White "Valencak, Stanislav"]
[Black "Cordes, Lothar"]
[Result "1-0"]
[ECO "C00"]
[WhiteElo "1942"]
[BlackElo "1852"]
[Annotator "NA"]
[PlyCount "115"]
[EventDate "2019.07.20"]
[EventType "swiss"]
[EventCountry "SUI"]
[SourceTitle "playchess.com"]
[Source "ChessBase"]
[SourceQuality "1"]
[TimeControl "40/5400+30:1800+30"]

1. e4 c5 2. f4 e6 3. Nf3 Nc6 4. c3 d5 5. e5 Bd7 6. Be2 Qb6 7. d3 Nh6 8. O-O Be7 9. Qc2 Nf5 10. g4 Nh6 11. h3 O-O-O 12. Be3 Kb8 13. Bf2 Qc7 14. Nbd2 f6 15. d4 cxd4 16. cxd4 Nf7 17. Rac1 Rc8 18. a3 Qd8 19. Qb1 g5 20. Bg3 gxf4 21. Bxf4 fxe5 22. dxe5 Ng5 23. Kg2 h5 24. gxh5 Rxh5 25. Nxg5 Rxg5+ 26. Bxg5 Bxg5 27. Qd3 Nxe5 28. Rxc8+ Kxc8 29. Qg3 Bxd2 30. Qxe5 Ba5 31. Qg7 Qh4 32. Rf8+ Bd8 33. Qh8 Qg5+ 34. Bg4 Qd2+ 35. Rf2 Qe3 36. Re2 Qg5 37. Kg3 e5 38. Rxe5 Qxe5+ 39. Qxe5 Bc7 40. Kf4 d4 41. Qxc7+ Kxc7 42. Ke4 Bc6+ 43. Kxd4 Kd6 44. Bf5 b6 45. h4 Bf3 46. Ke3 Bh5 47. Kf4 Kd5 48. Kg5 Bf7 49. Bg6 Bg8 50. Kf6 Kc4 51. Bf7+ Bxf7 52. Kxf7 Kb3 53. h5 Kxb2 54. h6 Kxa3 55. h7 b5 56. h8=Q a5 57. Ke6 a4 58. Kd5 1-0